 Dungeon Crawl Stone Soup version 0.20.0-15-g7f486f2 (webtiles) character file.

23 renl the Scratcher (level 2, -7/12 HPs)
             Began as a Felid Transmuter on July 6, 2017.
             Mangled by a gnoll
             ... wielding a +0 halberd
              (14 damage)
             ... on level 2 of the Dungeon.
             The game lasted 00:03:36 (1054 turns).

renl the Scratcher (Felid Transmuter)               Turns: 1054, Time: 00:03:36

Health: -7/12      AC:  1    Str:  6    XL:     2   Next: 72%
Magic:  0/6        EV: 18    Int: 14    God:
Gold:   79         SH:  0    Dex: 16    Spells: 2/5 levels left
                                        Lives:  0   Deaths: 0

rFire    . . .     SeeInvis +     - Unarmed
rCold    . . .     Gourm    .   (shield unavailable)
rNeg     . . .     Faith    .   (armour unavailable)
rPois    .         Spirit   .   (helmet unavailable)
rElec    .         Reflect  .   (cloak unavailable)
rCorr    .         Harm     .   (gloves unavailable)
MR       .....                  (boots unavailable)
Stlth    ++........             (no amulet)
Regen    0.1/turn               (no ring)
MPRegen  0.1/turn               (no ring)

@: quick
A: no armour, no weapons or thrown items, stealth, claws 1, fangs 3, see
invisible, carnivore 3, speed 1, shaggy fur 1, slow metabolism 1, sharp paws
a: no special abilities


You were on level 2 of the Dungeon.
You were completely stuffed.

You visited 1 branch of the dungeon, and saw 2 of its levels.

You collected 79 gold pieces.

Inventory:

Missiles
 a - 20 arrows
Jewellery
 j - an uncursed ring of stealth {unknown}
Scrolls
 e - a scroll of fog {unknown}
 f - a scroll of blinking {unknown}
 g - a scroll of identify {unknown}
 k - a scroll of enchant weapon {unknown}
Potions
 d - 2 potions of flight {unknown}
 i - 2 potions of curing {unknown}
 m - a potion of degeneration {unknown}
Books
 b - a book of Changes

   Spells                             Type                      Level
   a - Beastly Appendage              Transmutation                1
   b - Sticks to Snakes               Transmutation                2
   c - Spider Form                    Transmutation/Poison         3
   d - Ice Form                       Ice/Transmutation            4
   e - Blade Hands                    Transmutation                5
Comestibles
 c - 3 meat rations
 h - 2 royal jellies
 l - 2 chunks of flesh


   Skills:
 + Level 1.3 Fighting
 + Level 2.6 Dodging
 + Level 0.8 Stealth
 * Level 3.6 Unarmed Combat
 - Level 2.0 Spellcasting
 * Level 2.5 Transmutations


You had 2 spell levels left.
You knew the following spells:

 Your Spells              Type           Power        Failure   Level  Hunger
a - Beastly Appendage     Tmut           #.....       9%          1    ##.....
b - Sticks to Snakes      Tmut           #.......     12%         2    ###....


Dungeon Overview and Level Annotations

Branches:
Dungeon (2/15)

Altars:
Elyvilon
Fedhas
Zin
The Shining One


Innate Abilities, Weirdness & Mutations

You cannot wear armour.
You are incapable of wielding weapons or throwing items.
Your paws allow you to move quietly. (Stealth)
You have sharp claws.
You have razor-sharp teeth.
You have supernaturally acute eyesight. (SInv)
You are carnivorous and can eat meat at any time.
You cover ground quickly.
You are covered in fur. (AC +1)
You have a slow metabolism.
Your sharp claws are effective at attacking unaware monsters.


Message History

Confirm with . or Enter, or press ? or * to list all spells.
You create a snake!
You now have 20 arrows.
You swap places.
The goblin shouts!
The kobold shouts!
The gnoll shouts!
The kobold throws a stone.
The stone hits you but does no damage.
A gnoll comes into view. It is wielding a halberd.
The gnoll shouts!
A gnoll comes into view. It is wielding a flail.
The kobold throws a stone.
The stone closely misses you. The stone misses your ball python.
A kobold comes into view. It is wielding a dagger.
You scratch the kobold but do no damage.
The kobold barely misses you. The gnoll misses you.
Your ball python bites the kobold but does no damage.
Your ball python grabs the kobold.
Your ball python constricts the kobold.
You scratch the kobold but do no damage.
The kobold barely misses you.
The gnoll hits you from afar with a halberd!
Ouch! That really hurt!
You die...

# .# ######.#
#......# #.....<#
#....)####
#..?......
#.##g#@S...#####
...KggKSS....(>..
##.##g###.#.##.#
#. #.#.# . #.#.#
.######.#.#
..........#
#######.####.#
.............#


You could see 2 gnolls, a goblin, 2 kobolds, a friendly adder and 2 friendly
ball pythons.

Vanquished Creatures
  An ooze (D:1)
  2 leopard geckos (D:1)
  3 bats (D:1)
  A giant cockroach (D:1)
  A goblin (D:2)
  A hobgoblin (D:1)
  4 jackals (D:1)
  A kobold (D:1)
  4 rats (D:1)
18 creatures vanquished.

Notes
Turn   | Place    | Note
-------+----------+-------------------------------------------
     0 | D:1      | renl the Felid Transmuter began the quest for the Orb.
     0 | D:1      | Reached XP level 1. HP: 9/9 MP: 4/4
   171 | D:1      | Reached XP level 2. HP: 10/12 MP: 6/6
   175 | D:1      | Learned a level 2 spell: Sticks to Snakes
  1022 | D:2      | Found a blossoming altar of Fedhas.
  1022 | D:2      | Found a glowing golden altar of the Shining One.
  1024 | D:2      | Found a glowing silver altar of Zin.
  1024 | D:2      | Found a white marble altar of Elyvilon.
  1054 | D:2      | Mangled by a gnoll

Action                   || total
-------------------------++-------
Melee: Unarmed           ||    49
       Headbutt          ||     3
 Cast: Sticks to Snakes  ||     8
       Beastly Appendage ||     3
 Stab: Sleeping          ||     4
  Eat: Chunk             ||     8
Armor: Skin              ||     7
Dodge: Dodged            ||    67
